 Dungeon Crawl Stone Soup version 0.17-a0-737-gf0a300a (console) character file.

116 Monkaria the Ruffian (level 4, -11/35 HPs)
             Began as a Demonspawn Chaos Knight on May 8, 2015.
             Mangled by Ngotmuk's ghost (12 damage)
             ... on level 3 of the Dungeon.
             The game lasted 00:03:05 (1938 turns).

Monkaria the Ruffian (Demonspawn Chaos Knight)      Turns: 1938, Time: 00:03:06

Health: -11/35     AC:  5    Str: 14    XL:     4   Next: 69%
Magic:  4/4        EV: 11    Int: 13    God:    Xom [.....*]
Gold:   97         SH:  0    Dex: 12    Spells: 0 memorised, 3 levels left

rFire  + . .     SeeInvis .       - Unarmed
rCold  + . .     Clarity  .     b - +2 leather armour
rNeg   . . .     SustAb   .     (no shield)
rPois  .         Gourm    .     (no helmet)
rElec  .         Spirit   .     (no cloak)
rCorr  .         Warding  .     (no gloves)
rMut   .         Stasis   .     (no boots)
MR     .....                    (no amulet)
Stlth  +.........               (no ring)
                                m - ring of protection from fire

@: not resistant to hostile enchantments, very unstealthy
A: claws 1, hooves 1, cold resistance 1
a: Renounce Religion


You were on level 3 of the Dungeon.
You worshipped Xom.
You were Xom's teddy bear.
You were near starving.

You visited 1 branch of the dungeon, and saw 3 of its levels.

You collected 97 gold pieces.

Inventory:

Hand weapons
 a - a +0 falchion of chaos
Missiles
 n - 2 needles of confusion
 o - 30 poisoned needles
Armour
 b - a +2 leather armour (worn)
Jewellery
 m - a ring of protection from fire (left claw)
Scrolls
 d - 3 scrolls of identify {unknown}
 i - a scroll of noise {unknown}
 l - a scroll of teleportation {unknown}
Potions
 g - a potion of degeneration {unknown}
 h - a potion of magic {unknown}
 j - a potion of mutation {unknown}
Miscellaneous
 e - a plain deck of changes
Comestibles
 c - a bread ration
 f - 2 slices of pizza


   Skills:
 - Level 3.1 Fighting
 - Level 3.1 Long Blades
 - Level 1.7 Armour
 - Level 0.8 Dodging
 + Level 3.5 Unarmed Combat


You had 3 spell levels left.
You didn't know any spells.

Dungeon Overview and Level Annotations

Branches:
Dungeon (3/15)

Altars:
Gozag
Nemelex Xobeh

Annotations:
D:3 Ngotmuk's ghost, average DDFi


Innate Abilities, Weirdness & Mutations

You have sharp fingernails.
You have large cloven feet.
Your flesh is cold resistant.


Message History

You scratch Ngotmuk's ghost.
You kick Ngotmuk's ghost, but do no damage.
Ngotmuk's ghost is lightly damaged.
Ngotmuk's ghost is no longer paralysed.
Ngotmuk's ghost hits you.
* * * LOW HITPOINT WARNING * * *
You scratch Ngotmuk's ghost.
Ngotmuk's ghost is moderately damaged.
Ngotmuk's ghost hits you.
* * * LOW HITPOINT WARNING * * *
Xom smirks.
You detect creatures!
Your butterfly disappears in a puff of smoke!
Ngotmuk's ghost completely misses your butterfly.
You swap places.
Xom titters.
Ngotmuk's ghost looks rather confused.
You are near starving!
Ngotmuk's ghost hits you!
You die...
Xom thinks this is hilarious!

######## #
#......# ..
#..<...# ....
#......# ...
#..§...# #..
#b..W..# #.#
#...@§.###
#..###....§...# 5
#..)..÷.§....#
####..#..........
##......[..##.
#..#......# @
#.........##
.............
............


You could see Ngotmuk's ghost (confused).

Vanquished Creatures
  Natasha (thrice) (D:2)
  An adder (D:2)
  A shadow imp (D:2)
  2 oozes (D:2)
  2 worms (D:2)
  4 giant geckos
  3 ball pythons (D:2)
  7 bats
  6 hobgoblins
  5 jackals
  2 giant cockroaches (D:2)
  6 giant newts
  9 goblins
  6 kobolds
  A quokka (D:2)
  5 rats
63 creatures vanquished.

Notes
Turn   | Place    | Note
--------------------------------------------------------------
     0 | D:1      | Monkaria, the Demonspawn Chaos Knight, began the quest for the Orb.
     0 | D:1      | Reached XP level 1. HP: 18/18 MP: 1/1
    64 | D:1      | Gained mutation: You have sharp fingernails. [demonic ancestry]
    64 | D:1      | Reached XP level 2. HP: 17/24 MP: 2/2
    92 | D:1      | Found a sparkling altar of Nemelex Xobeh.
   287 | D:1      | XOM: harmless Trmt miscast
   297 | D:1      | Reached skill level 1 in Unarmed Combat
   303 | D:1      | XOM: divination: detect items
   917 | D:2      | Found an opulent altar of Gozag.
   923 | D:2      | Gained mutation: Your flesh is cold resistant. [demonic ancestry]
   923 | D:2      | Reached XP level 3. HP: 26/29 MP: 3/3
  1087 | D:2      | Noticed Natasha
  1092 | D:2      | Killed Natasha
  1092 | D:2      | Gained mutation: You have large cloven feet. [demonic ancestry]
  1092 | D:2      | Reached XP level 4. HP: 14/35 MP: 4/4
  1172 | D:2      | XOM: divination: detect creatures
  1195 | D:2      | XOM: silly message
  1213 | D:2      | Noticed Natasha
  1222 | D:2      | Killed Natasha
  1403 | D:2      | Noticed Natasha
  1404 | D:2      | Killed Natasha
  1410 | D:2      | XOM: potion effect (might)
  1468 | D:2      | XOM: cast spell 'Summon Butterflies'
  1673 | D:3      | Noticed Ngotmuk's ghost (average DDFi)
  1861 | D:2      | XOM: colour smoke trail
  1886 | D:2      | XOM: harmless Necr miscast
  1921 | D:3      | XOM: butterfly on damage
  1923 | D:3      | XOM: enchant monster (good)
  1927 | D:3      | XOM: silly message
  1932 | D:3      | HP: 1/35 [Ngotmuk's ghost (6)]
  1933 | D:3      | XOM: divination: detect creatures
  1936 | D:3      | XOM: confuse monster(s)
  1938 | D:3      | Mangled by Ngotmuk's ghost

Action                   |  1- 3 |  4- 6 || total
-------------------------+-------+-------++-------
Melee: Falchion          |   101 |    86 ||   187
       Unarmed           |       |     4 ||     4
 Stab: Paralysed         |       |     3 ||     3
  Eat: Chunk             |     1 |     1 ||     2
